 Dungeon Crawl Stone Soup version 0.28-a0-863-g8cecda6153 (webtiles) character file.

Game seed: 1070407036716340523

17728 Htamos the Grappler (level 12, -2/184 HPs)
             Began as a Troll Berserker on Nov 18, 2021.
             Was an Elder of Trog.
             Slain by a white ugly thing (14 damage)
             ... on level 2 of the Orcish Mines.
             The game lasted 00:25:42 (9053 turns).

Htamos the Grappler (Troll Berserker)               Turns: 9053, Time: 00:25:43

Health: -2/184     AC:  6    Str: 35    XL:     12   Next: 21%
Magic:  11/11      EV:  9    Int:  3    God:    Trog [****..]
Gold:   1110       SH: 15    Dex: 10    Spells: 11/11 levels left

rFire   + . .      SeeInvis .     - Unarmed
rCold   . . .      Faith    .   y - +2 tower shield
rNeg    + . .      Spirit   .   D - +0 troll leather armour
rPois   .          Reflect  .   (helmet restricted)
rElec   .          Harm     .   (no cloak)
rCorr   .          Rampage  .   (gloves unavailable)
Will    .....                   (boots unavailable)
Stlth   ..........              (no amulet)
HPRegen 2.40/turn               l - ring of positive energy
MPRegen 0.12/turn               g - +6 ring of strength

@: mighty, berserking, very quick
A: large, unfitting armour, claws 3, regeneration 1, shaggy fur 1, tough skin 1,
hooves 1, fire resistance 1, weak 1
a: Renounce Religion, Berserk, Trog's Hand, Brothers in Arms


You were on level 2 of the Orcish Mines.
You worshipped Trog.
Trog was greatly pleased with you.
You visited 2 branches of the dungeon, and saw 12 of its levels.
You also visited: Ice Cave.

You collected 1176 gold pieces.
You spent 66 gold pieces at shops.

Inventory:

Hand Weapons
 t - the +6 Majin-Bo {vamp, MP+6 Int+6}
   (You took it off a wight on level 10 of the Dungeon)

   It occasionally heals its wielder for a portion of the damage dealt when they
   wound a living foe with it or with a spell.
   Its wielder's spells cost health as well as magical power.
   Int:       It affects your intelligence (+6).
   MP:        It affects your magic capacity (+6).
   Trog disapproves of the use of such an item.
Armour
 a - a +0 animal skin
 d - +0 steam dragon scales
 q - a +0 kite shield
 x - a +1 robe of willpower
 y - a +2 tower shield (worn)
 B - +0 acid dragon scales
 D - a +0 troll leather armour (worn)
Jewellery
 g - a +6 ring of strength (right claw)
 l - a ring of positive energy (left claw)
 n - a ring of fire
 G - a ring of see invisible
Wands
 j - a wand of iceblast (4)
 r - a wand of flame (24)
 v - a wand of charming (13)
 w - a wand of paralysis (14)
Scrolls
 c - 3 scrolls of teleportation
 e - a scroll of amnesia
 f - a scroll of summoning
 i - 2 scrolls of enchant weapon {unknown}
 p - a scroll of immolation {unknown}
 u - 2 scrolls of fog
 A - 10 scrolls of identify {@rr}
 F - a scroll of blinking
Potions
 b - 2 potions of brilliance
 m - a potion of haste
 o - a potion of might
 s - a potion of cancellation
 C - a potion of mutation
Miscellaneous
 z - a lightning rod (4/4)
 E - a piece from Xom's chessboard (15/15)


   Skills:
 + Level 9.3 Fighting
 + Level 9.3 Dodging
 + Level 7.3 Shields
 + Level 11.1 Unarmed Combat


You had 11 spell levels left.
You didn't know any spells.
Your spell library was empty.

Dungeon Overview and Level Annotations

Branches:
Dungeon (10/15)            Temple (0/1) D:7             Orc (2/2) D:10
    Elf (0/3) Orc:2         IceCv (visited)
   Lair: D:8-11

Altars:
Ashenzari
Hepliaklqana
Makhleb
Ru
Trog
Wu Jian
Yredelemnul
Zin
Beogh

Shops:
D:6 *


Innate Abilities, Weirdness & Mutations

You are too large for most types of armour.
You have claws for hands.
Your natural rate of healing is unusually fast.
You are covered in fur. (AC +1)
You have tough skin. (AC +1)
You have large cloven feet.
Your flesh is heat resistant. (rF+)
You are weak. (Str -2)


Message History

The wolf simulacrum closely misses you. The cane toad simulacrum hits you!
The cane toad simulacrum freezes you!
* * * LOW HITPOINT WARNING * * *
You block the wolf simulacrum's attack.
Unknown command.
A red film seems to cover your vision as you go berserk!
You feel yourself moving faster!
You feel mighty! Trog will no longer gift you weapons.
The wolf simulacrum barely misses you.
The wolf simulacrum bites you but does no damage.
The cane toad simulacrum completely misses you.
You claw the white ugly thing! You kick the white ugly thing!
The white ugly thing is heavily wounded.
You block the wolf simulacrum's attack.
You closely miss the white ugly thing. You kick the white ugly thing!
The white ugly thing is heavily wounded.
You block the wolf simulacrum's attack. The cane toad simulacrum hits you.
* * * LOW HITPOINT WARNING * * *
The cane toad simulacrum freezes you!!
* * * LOW HITPOINT WARNING * * *
The wolf simulacrum bites you.
* * * LOW HITPOINT WARNING * * *
The wolf simulacrum freezes you!
* * * LOW HITPOINT WARNING * * *
The white ugly thing trunk-slaps you.
* * * LOW HITPOINT WARNING * * *
The white ugly thing freezes you!!
* * * LOW HITPOINT WARNING * * *
You block the wolf simulacrum's attack. The wolf simulacrum bites you!
* * * LOW HITPOINT WARNING * * *
The wolf simulacrum freezes you!
* * * LOW HITPOINT WARNING * * *
You block the cane toad simulacrum's attack.
Welcome back to the Orcish Mines!
You feel a strong urge to attack something.
There is a collapsed entrance here.
You mangle the white ugly thing!! Your kick misses the white ugly thing.
The white ugly thing is almost dead.
The white ugly thing trunk-slaps you!
You die...

*** *,,,,**,,,,,,,,,,,,,*,,,**
**,****,,*.#............,,,,,**
*,,,**,*,...............,,,,,,*
**,,,,,,...#...#........,,,,,**
**,*,,,..#.............,,,,,**
******,,.......$........,,,,,,*
*,***,*,................,,,,,**
,,,*,,,,...$............,,,,,,*
*,,,,,,.........@......#,,,,,,*
**,,,,...........u......,,,,,,*
*,,,,...................,,,,,**
,,,,,...................,,,,,,*
*,,,,...................,,,,,**
**,,,....$............##,,,,,**
**,,....$..............,,,,,,*
**,*,#................,,,,,,*
**,,.#..............,,,,,,**


You could see a white ugly thing.

Vanquished Creatures
  A two-headed ogre (D:10)
  3 iron trolls (D:9)
  A deep troll (D:9)
  An orc knight (Orc:1)
  Pikel (D:6)
  An orc sorcerer (Orc:2)
  A cyclops (Orc:1)
  Maggie (D:7)
  A komodo dragon (D:10)
  A yaktaur (D:10)
  11 trolls
  A meliai (shapeshifter) (D:10)
  A hornet (D:9)
  A slime creature (D:10)
  A wyvern (D:7)
  A vampire (D:9)
  10 yaks
  A wraith (D:9)
  A human (D:9)
  Eustachio (D:6)
  A steam dragon (D:6)
  A death yak simulacrum (Orc:2)
  Grum (D:8)
  3 wargs
  Menkaure (D:7)
  An acid dragon (D:8)
  2 water moccasins (D:8)
  2 black bears
  17 orc warriors
  A sky beast (D:7)
  6 ogres
  3 wolves (D:7)
  A boggart (D:10)
  4 centaurs
  2 phantoms
  A lemure (D:6)
  2 kobold brigands
  Blork the orc (D:6)
  A bullfrog (D:7)
  2 scorpions
  2 gnoll sergeants
  2 two-headed ogre simulacra (Orc:2)
  A water moccasin zombie (D:5)
  A water moccasin skeleton (D:6)
  7 wights (D:10)
  4 electric eels (D:9)
  5 howler monkeys (D:7)
  A bullfrog zombie (D:6)
  4 centaur zombies
  13 orc priests
  2 hounds
  2 jellies
  A bullfrog skeleton (D:5)
  2 iguanas
  10 orc wizards
  2 spriggan simulacra (Orc:2)
  A polar bear simulacrum (Orc:2)
  A troll simulacrum (Orc:2)
  2 killer bee zombies
  2 howler monkey zombies
  5 gnolls
  7 adders
  A naga simulacrum (Orc:2)
  A shadow imp (D:5)
  A white imp (D:7)
  3 ufetubi
  A worm (D:2)
  4 dart slugs
  43 orcs
  7 ball pythons
  7 endoplasms
  5 giant cockroaches
  5 goblins
  3 hobgoblins
  3 jackals (D:2)
  13 kobolds
  2 quokkas
  2 bats
  6 frilled lizards
  3 rats
281 creatures vanquished.

Vanquished Creatures (others)
  3 fungi (D:3)
  5 toadstools (D:3)
8 creatures vanquished.

Grand Total: 289 creatures vanquished

Notes
Turn   | Place    | Note
-------+----------+-------------------------------------------
     0 | D:1      | Htamos the Troll Berserker began the quest for the Orb.
     0 | D:1      | Reached XP level 1. HP: 22/22 MP: 0/0
    93 | D:1      | Reached XP level 2. HP: 28/29 MP: 1/1
   258 | D:1      | Found a faded altar of an unknown god.
   297 | D:1      | Reached XP level 3. HP: 36/36 MP: 2/2
   591 | D:2      | Reached ** piety under Trog
   705 | D:2      | Reached XP level 4. HP: 38/45 MP: 3/3
  1482 | D:3      | Found an ornate altar of the Wu Jian Council.
  1616 | D:4      | Noticed a phantom
  1630 | D:4      | Killed a phantom
  1631 | D:4      | Reached skill level 4 in Unarmed Combat
  1631 | D:4      | Reached XP level 5. HP: 53/53 MP: 4/4
  1765 | D:4      | Found a broken altar of Ashenzari.
  1891 | D:4      | Found a faded altar of an unknown god.
  1960 | D:4      | Reached XP level 6. HP: 24/62 MP: 5/5
  2070 | D:4      | Reached skill level 5 in Unarmed Combat
  2355 | D:4      | Found a hazy altar of Hepliaklqana.
  2397 | D:5      | Entered Level 5 of the Dungeon
  2407 | D:4      | Reached XP level 7. HP: 61/70 MP: 6/6
  2504 | D:5      | Reached *** piety under Trog
  2618 | D:5      | Found a burning altar of Makhleb.
  2920 | D:5      | Reached skill level 5 in Fighting
  2920 | D:5      | Reached skill level 5 in Dodging
  2920 | D:5      | Reached skill level 6 in Unarmed Combat
  2921 | D:5      | Reached XP level 8. HP: 49/80 MP: 7/7
  3432 | D:6      | Noticed Pikel
  3443 | D:6      | Killed Pikel
  3444 | D:6      | Reached skill level 1 in Shields
  3444 | D:6      | Reached skill level 7 in Unarmed Combat
  3519 | D:6      | Noticed Blork the orc
  3523 | D:6      | Killed Blork the orc
  3524 | D:6      | Reached XP level 9. HP: 89/89 MP: 8/8
  3685 | D:6      | Found Fyqeroi's Assorted Antiques.
  3698 | D:6      | Bought a fuming coppery potion for 21 gold pieces
  3698 | D:6      | Bought a sedimented yellow potion for 21 gold pieces
  3698 | D:6      | Bought a scroll labelled JUNISTR SIMIWN for 24 gold pieces
  3921 | D:6      | Noticed Eustachio
  3942 | D:6      | Killed Eustachio
  4139 | D:7      | Found a staircase to the Ecumenical Temple.
  4195 | D:7      | Noticed Menkaure
  4201 | D:7      | Killed Menkaure
  4366 | D:7      | Noticed Maggie
  4417 | D:7      | Killed Maggie
  4418 | D:7      | Reached skill level 8 in Unarmed Combat
  4665 | D:8      | Noticed Grum
  4848 | D:7      | Reached XP level 10. HP: 47/102 MP: 9/9
  4896 | D:8      | Killed Grum
  5110 | D:8      | Reached **** piety under Trog
  5879 | D:9      | Noticed an iron troll
  5896 | D:9      | Noticed a deep troll
  5898 | D:9      | Killed an iron troll
  5899 | D:9      | Reached skill level 9 in Unarmed Combat
  5903 | D:9      | Gained mutation: Your flesh is heat resistant. (rF+)
                  | [potion of mutation]
  5903 | D:9      | Gained mutation: You are weak. (Str -2) [potion of
                  | mutation]
  5903 | D:9      | Gained mutation: You have large cloven feet. [potion of
                  | mutation]
  5904 | D:9      | HP: 5/102 [troll (12)]
  5981 | D:9      | Reached skill level 5 in Shields
  6035 | D:9      | Noticed an iron troll
  6065 | D:9      | Killed an iron troll
  6178 | D:9      | Reached XP level 11. HP: 111/111 MP: 10/10
  6182 | D:9      | Killed a deep troll
  6201 | D:9      | Noticed an iron troll
  6319 | D:9      | Killed an iron troll
  6651 | D:9      | Found a runed translucent door.
  6657 | D:9      | Found a basalt altar of Yredelemnul.
  6977 | D:10     | Entered Level 10 of the Dungeon
  6986 | D:10     | Reached skill level 10 in Unarmed Combat
  7050 | D:10     | Found a sacrificial altar of Ru.
  7063 | D:10     | Found a bloodstained altar of Trog.
  7331 | D:10     | Noticed a two-headed ogre
  7360 | D:10     | Killed a two-headed ogre
  7425 | D:10     | Found a staircase to the Orcish Mines.
  7820 | D:10     | Found a glowing silver altar of Zin.
  8166 | Orc:1    | Entered Level 1 of the Orcish Mines
  8353 | Orc:1    | Reached XP level 12. HP: 105/123 MP: 11/11
  8581 | Orc:2    | Entered Level 2 of the Orcish Mines
  8825 | Orc:1    | Reached skill level 11 in Unarmed Combat
  8965 | Orc:2    | Found a staircase to the Elven Halls.
  8999 | Orc:2    | Found a frozen archway.
  9015 | Orc:2    | Reached ***** piety under Trog
  9043 | IceCv    | Entered an ice cave
  9051 | IceCv    | HP: 9/184 [wolf simulacrum (9)]
  9053 | Orc:2    | Slain by a white ugly thing

Illustrated notes

Levels and vault maps discovered:
D:1:      amcnicky_arrival_double_pillar, layout_rooms, serial_glass,
          glass_columns_a, glass_columns_a, item_on_display_a,
          ebering_ecumenical_altar_hall, minmay_pentomino_p4
D:2:      layout_rooms, amcnicky_mini_corridor_feature
D:3:      layout_loops_ring, pdpol_wu_jian_five_deadly_venoms,
          minmay_gold_behind_fungi
D:4:      layout_gridville, beargit_hepliaklqana_dungeon_heroes,
          lemuel_crystal_altar, grunt_ministairs_3, st_stairs_9
D:5:      layout_loops_ring, overflow_temple_1_default, grunt_ministairs_1
D:6:      layout_loops_cross, serial_shops, shop, uniq_blork_the_orc,
          uniq_eustachio, uniq_pikel
D:7:      layout_basic, minmay_temple_entry_ruins, uniq_menkaure, uniq_maggie
D:8:      layout_basic, uniq_grum
D:9:      lemuel_troll_bridge, layout_small_grid, dk_yredelemnul_ordeal
D:10:     layout_long_grid, zin_scriptorium, jmf_multi_god_temple,
          david_orc_1_choice, minmay_diamond_spiral
Orc:1:    layout_diamond_mine, basic_altar, david_defended_altar_orc
Orc:2:    grunt_orc_tribal_feast, layout_caves,
          portal_ice_cave_entry_ice_simulacra

Skill      XL: |  1  2  3  4  5  6  7  8  9 10 11 12 |
---------------+-------------------------------------+-----
Fighting       | 3 4 5 6 7 8 9 |  9.3
Dodging        | 3 4 5 6 7 8 9 |  9.3
Unarmed Combat | 4 5 6 7 8 9 10 11 | 11.1
Shields        | 2 4 5 7 |  7.3

Action                   |  1- 3 |  4- 6 |  7- 9 | 10-12 || total
-------------------------+-------+-------+-------+-------++-------
Melee: Unarmed           |    97 |   114 |   232 |   493 ||   936
       Punch             |     1 |     1 |       |       ||     2
       Kick              |       |       |       |   152 ||   152
Invok: Berserk           |       |     1 |     4 |    14 ||    19
       Trog's Hand       |       |       |     1 |     6 ||     7
Evoke: Wand              |       |       |       |     4 ||     4
  Use: Potion            |       |       |     2 |    17 ||    19
       Scroll            |       |       |     6 |    15 ||    21
 Stab: Invisible         |       |       |     4 |       ||     4
Armor: Animal skin       |    25 |    29 |    49 |       ||   103
       Steam dragon scal |       |       |    37 |     3 ||    40
       Robe              |       |       |     2 |       ||     2
       Acid dragon scale |       |       |       |    26 ||    26
       Troll leather arm |       |       |       |    71 ||    71
Dodge: Dodged            |    35 |    43 |   107 |   142 ||   327
Block: Kite shield       |       |     8 |    52 |       ||    60
       Tower shield      |       |       |    98 |   384 ||   482

Table legend: (Time is in decaauts)
 A = Elapsed time spent in this place.
 B = Non-inter-level travel time spent in this place.
 C = Inter-level travel time spent in this place.
 D = Time resting spent in this place.
 E = Time spent auto-exploring this place.
 F = Levels seen in this place.
 G = Mean time per level.
                   A        B        C        D        E       F      G
               +--------+--------+--------+--------+--------+-----+--------+
         Total |   9271 |   8906 |    365 |    552 |   5690 |  13 |  713.2 |
       Dungeon |   8389 |   8030 |    359 |    448 |   5343 |  10 |  838.9 |
  Orcish Mines |    874 |    869 |      5 |    104 |    347 |   2 |  437.0 |
      Ice Cave |      7 |      7 |      0 |      0 |      0 |   1 |    7.0 |
               +--------+--------+--------+--------+--------+-----+--------+

Top non-repeatable levels by time:
    D:10: 1267 daAuts
     D:9: 1173 daAuts
     D:8: 999 daAuts
     D:4: 934 daAuts
     D:6: 914 daAuts
     D:7: 803 daAuts
     D:5: 743 daAuts
     D:3: 708 daAuts
   Orc:1: 571 daAuts
     D:1: 504 daAuts
     D:2: 340 daAuts
   Orc:2: 303 daAuts
   IceCv: 7 daAuts
